AoeStats
← TIMVP

Arabian Desert

509644985Analyzed
1v1 RM · 4d ago on Sep 27, 2026· 19m 25s· 2 players
Game mode
Random Map
Map size
Tiny (2 player)
Population
200
Speed
Normal
Resources
Standard
Victory
Conquest
Starting age
Dark Age
Ending age
Imperial Age
RankedLock teamsTeams togetherTeam positionsShared explorationLock speedFull tech treeHidden civsTurbo modeCheats
Victory
Defeat
🇵🇪 Danes · Peru
481
+19
🇧🇷 Britons · Brazil
554
-19
TIMVP
9:12 Loom
11:27 Feudal Age
12:00 Double-Bit Axe
16:16 Horse Collar
19:52 Wheelbarrow
Tompzera
5:41 Loom
10:57 Feudal Age
11:44 Double-Bit Axe
12:35 Wheelbarrow
11:42 Horse Collar
14:44 Town Watch
Connection lost

Rejoining the realm…

Still unreachable

The connection could not be restored.

Session expired

The server has moved on; the page needs a fresh start.